 Dungeon Crawl Stone Soup version 0.23-a0-642-g3120c2f5a9 (webtiles) character file.

161 HereIgoKillingAgain the Charmwright (level 5, 0/29 HPs)
             Began as a Deep Elf Skald on Dec 31, 2018.
             Slain by a kobold
             ... wielding a +0 spear
              (5 damage)
             ... on level 3 of the Dungeon.
             The game lasted 00:02:59 (2148 turns).

HereIgoKillingAgain the Charmwright (DESk)          Turns: 2148, Time: 00:02:59

Health: 0/29       AC:  5    Str:  9    XL:     5   Next: 19%
Magic:  10/11      EV: 13    Int: 18    God:
Gold:   51         SH:  0    Dex: 14    Spells: 2/10 levels left

rFire    + . .     SeeInvis .   a - +2 falchion
rCold    . . .     Gourm    .   (no shield)
rNeg     . . .     Faith    .   b - +1 leather armour
rPois    .         Spirit   .   l - +0 helmet
rElec    .         Reflect  .   (no cloak)
rCorr    .         Harm     .   (no gloves)
MR       .....                  (no boots)
Stlth    +.........             (no amulet)
HPRegen  0.09/turn              e - ring of protection from fire
MPRegen  0.12/turn              (no ring)

@: no status effects
A: no striking features
a: no special abilities


You were on level 3 of the Dungeon.
You were not hungry.

You visited 1 branch of the dungeon, and saw 3 of its levels.

You collected 51 gold pieces.

Inventory:

Hand Weapons
 a - a +2 falchion (weapon)
Armour
 b - a +1 leather armour (worn)
 l - a +0 helmet (worn)
Jewellery
 e - a ring of protection from fire (left hand)
 j - an uncursed ring of fire {unknown}
Scrolls
 c - a scroll of enchant armour
 k - 3 scrolls of teleportation {unknown}
 m - a scroll of amnesia {unknown}
Potions
 f - 3 potions of curing {unknown}
 g - a potion of flight {unknown}
 h - a potion of mutation {unknown}
 i - a potion of might {unknown}
Comestibles
 d - 3 rations


   Skills:
 - Level 1.5 Fighting
 * Level 4.2 Long Blades
 - Level 0.7 Armour
 + Level 3.5 Dodging
 - Level 3.0 Spellcasting
 + Level 5.1 Charms


You had 2 spell levels left.
You knew the following spells:

 Your Spells              Type           Power        Failure   Level  Hunger
a - Song of Slaying       Chrm           ###.....     4%          2    ##.....
b - Shroud of Golubria    Chrm/Tloc      ##........   12%         2    ##.....
c - Spectral Weapon       Hex/Chrm       ##......     24%         3    ###....
h - Infusion              Chrm           ###.         2%          1    None

Your spell library contained the following spells:

 Spells                   Type           Power        Failure   Level  Hunger
 Regeneration             Chrm/Necr      ##........   24%         3    ###....


Dungeon Overview and Level Annotations

Branches:
Dungeon (3/15)

Altars:
Dithmenos
Gozag


Message History

Unknown command.
You barely miss the orc.
The orc is moderately wounded.
The kobold hits you but does no damage. The orc hits you but does no damage.
Your leather armour prevents you from hitting the orc.
The orc is moderately wounded.
The kobold hits you from afar with a +0 spear.
* * * LOW HITPOINT WARNING * * *
The orc closely misses you.
You riposte.
You hit the orc.
The orc is severely wounded.
Unknown command.
You hit the orc.
You kill the orc!
The kobold barely misses you. The kobold hits you with a +0 spear.
* * * LOW HITPOINT WARNING * * *
There is an open door, spattered with blood here.
Items here: ))))) [[[[ †††† You miss the kobold.
The kobold hits you with a +0 spear.
You die...

.....#..#.##..#.
#....#..#.#....
#[).(#..#.#...#
#....#..#.#...#
........#.#...# ######
#.....###.#...# #....♣
#.###.###.#...# #...
#.....#.......###.♣♣♣♣
...# .#.#.##....@K≈P.♣
##.####.#.....###..≈≈.≈≈≈≈
#..#....###...# #.≈♣P♣≈.≈≈
..##.######...# #.♣♣♣♣ ♣.≈
..##..........# #.. .
.......†......# ###
...†..........#
..............#
.........##...#


You could see a kobold.

Vanquished Creatures
  2 orc wizards (D:3)
  Terence (D:3)
  2 adders (D:2)
  6 orcs (D:3)
  A ball python (D:2)
  3 giant cockroaches
  7 goblins
  3 hobgoblins
  7 jackals (D:2)
  8 kobolds
  A quokka (D:2)
  8 bats
  A frilled lizard (D:2)
  4 rats
54 creatures vanquished.

Notes
Turn   | Place    | Note
-------+----------+-------------------------------------------
     0 | D:1      | HereIgoKillingAgain the Deep Elf Skald began the quest for
                  | the Orb.
     0 | D:1      | Reached XP level 1. HP: 12/12 MP: 6/6
   401 | D:1      | Reached XP level 2. HP: 13/16 MP: 8/8
   405 | D:1      | Learned a level 2 spell: Song of Slaying
   408 | D:1      | Learned a level 2 spell: Shroud of Golubria
   757 | D:2      | Reached XP level 3. HP: 8/20 MP: 4/9
  1101 | D:2      | Learned a level 3 spell: Spectral Weapon
  1313 | D:2      | Found a shadowy altar of Dithmenos.
  1840 | D:3      | Reached XP level 4. HP: 18/25 MP: 10/10
  1867 | D:3      | Found an opulent altar of Gozag.
  1895 | D:3      | Noticed Terence
  1912 | D:3      | Killed Terence
  2138 | D:3      | Reached skill level 5 in Charms
  2138 | D:3      | Reached XP level 5. HP: 14/29 MP: 8/11
  2148 | D:3      | Slain by a kobold

Vault maps used:
D:1:      shiori_arrival_oz
D:2:      grunt_dithmenos_smoke_and_mirrors
D:3:      lemuel_doored_altar, cheibriados_altar_1, serial_bayou_crossing,
          uniq_terence

Skill      XL: |  1  2  3  4 |
---------------+-------------+-----
Long Blades    | 2 3 4 |  4.2
Dodging        | 3 |  3.5
Charms         | 5 |  5.1
Fighting       | |  1.5
Armour         | |  0.7
Spellcasting   | |  3.0

Action                   |  1- 3 |  4- 6 || total
-------------------------+-------+-------++-------
Melee: Falchion          |   113 |    45 ||   158
 Cast: Shroud of Golubri |     2 |     3 ||     5
       Song of Slaying   |     2 |     1 ||     3
       Spectral Weapon   |       |     1 ||     1
  Use: Scroll            |     6 |       ||     6
 Stab: Sleeping          |     3 |       ||     3
  Eat: Chunk             |     2 |       ||     2
       Ration            |     1 |       ||     1
Armor: Leather armour    |    43 |    22 ||    65
Dodge: Dodged            |   104 |    36 ||   140
       Rpst.: Falchion   |    35 |     6 ||    41

Table legend:
 A = Non-vault XP
 B = Vault XP
 C = Vault XP percentage of total XP
 D = Non-vault monster count
 E = Vault monster count
 F = Vault count percentage of total count
                 A         B        C        D         E       F
            +---------+---------+-------+---------+---------+-------
      Total |     189 |      42 |  18.2 |      51 |       3 |   5.6
            +---------+---------+-------+---------+---------+-------
        D:1 |      16 |       4 |  20.0 |      11 |       2 |  15.4
        D:2 |      67 |       0 |   0.0 |      26 |       0 |   0.0
        D:3 |     106 |      38 |  26.4 |      14 |       1 |   6.7
            +---------+---------+-------+---------+---------+-------
